Map: Rhoskallian LE

Players

StarDust

  • Race: Terran Terran
  • League: Master
  • Spawn Location: 5:00

SpaceDemon

  • Race: Zerg Zerg
  • Spawn Location: 6:00

Ekelpack - Winner!

  • Race: Zerg Zerg
  • Spawn Location: 12:00

Nyck - Winner!

  • Race: Terran Terran
  • League: Silver
  • Spawn Location: 11:00

VOD

Have the link to the VOD?

Description

Time

  • Played on: Oct. 29, 2024, 4:15 p.m.
  • Length: 27:19
Show
View Real Time Build Order
Export as new Build Order

StarDust Terran 

Build Orders:  

Get SALT Encoding   

  12  0:00  SCV  
  13  0:12  SCV  
  14  0:24  Supply Depot  
  14  0:25  SCV  
  15  0:50  Barracks  
  15  0:53  Barracks  
  15  0:54  SCV  
  16  1:02  Refinery  
  16  1:06  SCV  
  17  1:18  SCV  
  18  1:50  Orbital Command  
  18  1:52  Barracks Tech Lab  
  18  1:55  Barracks  
  18  2:06  Supply Depot  
  18  2:08  Refinery  
  18  2:11  Marine  
  18  2:12  Marine  
  20  2:19  SCV  
  21  2:29  Marine x2  
  23  3:04  SCV  
  24  3:06  Marine x3  
  24  3:08  Combat Shield  
  26  3:30  Marine  
  26  3:31  Marine x2  
  29  3:37  Engineering Bay  
  29  3:39  SCV  
  29  3:40  Engineering Bay  
  30  3:51  SCV  
  30  3:54  Command Center  
  31  4:00  Supply Depot  
  31  4:11  Barracks  
  31  4:12  Terran Infantry Weapons Level 1  
  31  4:22  SCV, Marine x3  
  35  4:25  Supply Depot  
  35  4:30  Terran Infantry Armor Level 1  
  35  4:34  SCV  
  36  4:39  Marine x3  
  39  4:46  Missile Turret  
  39  4:47  SCV  
  40  4:54  Supply Depot  
  40  4:57  Marine x3  
  40  4:59  SCV  
  44  5:10  Missile Turret  
  44  5:11  SCV  
  45  5:15  Marine x3  
  48  5:23  Marine  
  48  5:27  Orbital Command  
  49  5:33  Marine x3  
  52  5:41  Marine  
  52  5:42  SCV  
  54  5:50  Refinery  
  54  5:51  Marine x3  
  54  5:53  Refinery  
  57  5:59  Marine  
  58  6:04  Missile Turret  
  58  6:08  Marine x3  
  58  6:10  Missile Turret  
  61  6:16  Marine  
  62  6:26  Marine  
  63  6:34  Marine x3, Missile Turret  
  66  6:44  Marine  
  67  6:51  Marine  
  67  6:52  Marine x2  
  67  6:54  Hi-Sec Auto Tracking  
  70  6:59  Missile Turret  
  70  7:02  Marine  
  70  7:03  Supply Depot  
  71  7:09  Marine, Factory  
  71  7:10  Marine  
  71  7:15  Marine  
  74  7:20  Marine  
  74  7:21  Stimpack  
  75  7:27  Marine x2  
  58  7:42  Marine x2  
  60  7:45  Marine x2  
  62  8:00  Marine x2  
  62  8:04  SCV  
  65  8:07  Supply Depot  
  65  8:12  Barracks  
  65  8:16  Armory  
  65  8:23  Factory Tech Lab  
  65  8:24  Marine x2  
  65  8:25  Marine x2  
  69  8:42  Marine x3  
  69  8:43  Marine  
  73  8:57  Widow Mine  
  73  9:00  Marine x4  
  79  9:18  Marine x4, Widow Mine  
  85  9:30  Barracks Reactor  
  85  9:35  Marine  
  85  9:36  Marine x3  
  89  9:39  Widow Mine  
  89  9:42  Starport  
  89  9:44  Starport  
  91  9:53  Marine x2  
  91  9:54  Marine  
  94  10:01  Terran Infantry Armor Level 2, Terran Infantry Weapons Level 2  
  94  10:03  Terran Vehicle Weapons Level 1  
  94  10:12  Marine x2  
  94  10:13  Siege Tank  
  100  10:14  SCV  
  100  10:24  Supply Depot  
  100  10:26  SCV  
  101  10:33  Medivac x2  
  105  10:38  SCV  
  106  10:50  SCV  
  107  11:03  Medivac  
  83  11:53  Marine x2  
  83  11:54  Marine x3  
  86  11:55  Marine  
  88  12:05  Liberator x2  
  94  12:10  Siege Tank  
  94  12:11  Marine x3  
  94  12:12  Marine  
  101  12:33  Marine  
  101  12:34  Marine x5  
  107  12:42  Siege Tank  
  110  12:47  Liberator  
  110  12:48  Liberator  
  116  12:51  Marine  
  116  12:52  Marine x5  
  122  13:09  Marine x4  
  126  13:35  Siege Tank, Marine x2, Liberator  
  126  13:37  Terran Infantry Armor Level 3, Terran Infantry Weapons Level 3  
  126  13:38  Terran Vehicle Weapons Level 2  
  134  14:07  Siege Tank  
  129  14:39  Siege Tank  
  129  14:44  Medivac x2  
  136  14:46  Marine  
  136  14:47  Marine x5  
  142  16:06  Marine x2  
  142  16:19  Command Center  
  142  16:28  Marine, Medivac  
  142  17:18  Marine x2  
  142  17:27  Marine x2  
  142  17:28  Marine  
  142  17:29  Marine, Medivac  
  138  17:36  Marine x2  
  59  17:45  Marine x2  
  59  17:46  Marine  
  59  17:47  Marine  
  63  17:54  Marine x2  
  65  18:03  Marine x2  
  65  18:04  Marine x2  
  69  18:11  Marine x2  
  71  18:21  Marine x2  
  71  18:22  Marine x2  
  75  18:29  Marine x2  
  77  18:39  Marine x2  
  77  18:40  Marine x2  
  78  18:47  Marine x2  
  80  18:56  Marine x2  
  80  18:58  Marine x2  
  84  19:05  Marine x2  
  84  19:06  Neosteel Armor  
  84  19:08  Terran Vehicle Weapons Level 3  
  86  19:14  Marine x2  
  86  19:15  Marine  
  86  19:16  Marine  
  87  19:23  Marine x2  
  89  19:32  Marine x2  
  89  19:33  Marine x2  
  93  19:41  Marine x2  
  95  19:50  Marine x2  
  95  19:51  Marine x2  
  98  19:58  Marine x2  
  86  20:19  Marine  
  86  20:20  Marine x5  
  90  20:23  Siege Tank  
  90  20:37  Marine  
  90  20:38  Marine x5  
  96  20:55  Siege Tank, Marine x3  
  96  20:56  Marine x3  
  105  21:04  Orbital Command  
  105  21:13  Marine x6  
  74  21:27  Siege Tank  
  74  21:31  Marine x3  
  41  22:33  Liberator x2  
  41  22:35  Marine  
Show
View Real Time Build Order
Export as new Build Order

SpaceDemon Zerg 

Build Orders: Hatch First, Lurkers, Roach Hydra 

Get SALT Encoding   

  12  0:00  Drone  
  13  0:08  Drone  
  14  0:19  Overlord  
  14  0:50  Hatchery  
  13  0:59  Drone x2  
  13  1:00  Drone  
  16  1:10  Spawning Pool  
  15  1:19  Drone  
  15  1:20  Extractor  
  15  1:26  Drone  
  16  1:55  Drone  
  16  1:56  Drone x2  
  19  2:01  Queen  
  19  2:03  Drone  
  19  2:05  Queen  
  24  2:11  Drone  
  24  2:13  Drone  
  26  2:24  Extractor  
  25  2:31  Drone x3  
  28  3:12  Spine Crawler  
  28  3:15  Overlord x2  
  27  3:20  Overlord  
  27  3:24  Spine Crawler, Queen  
  28  3:33  Queen  
  31  3:53  Drone x4  
  35  3:55  Roach Warren  
  34  4:09  Queen  
  36  4:15  Lair  
  36  4:20  Extractor  
  35  4:35  Overlord  
  35  4:37  Roach  
  35  4:38  Roach x6  
  50  4:52  Drone  
  50  4:53  Drone x3  
  50  4:54  Overlord  
  50  4:55  Drone  
  54  5:10  Hatchery  
  53  5:17  Burrow  
  53  5:19  Glial Reconstitution  
  53  5:27  Drone x3  
  53  5:28  Drone x3  
  59  5:38  Roach  
  59  5:39  Roach x3  
  59  5:41  Overlord  
  65  5:58  Spore Crawler  
  65  5:59  Spore Crawler x2  
  65  6:00  Spore Crawler x2  
  65  6:02  Spore Crawler  
  47  6:19  Extractor  
  47  6:20  Extractor  
  45  6:27  Spore Crawler  
  45  6:31  Hydralisk Den  
  43  6:33  Spore Crawler  
  42  6:49  Spore Crawler, Drone x4  
  42  6:50  Drone x10  
  55  7:08  Grooved Spines  
  55  7:09  Hydralisk  
  55  7:10  Hydralisk  
  55  7:14  Hydralisk  
  61  7:39  Roach x2  
  61  7:40  Spore Crawler x2  
  61  7:41  Spore Crawler  
  61  7:42  Spore Crawler  
  61  7:58  Muscular Augments  
  61  8:09  Hydralisk x3  
  61  8:10  Hydralisk x2  
  71  8:23  Overlord x2  
  71  8:26  Overlord  
  71  8:39  Drone x3  
  71  8:40  Overlord  
  71  8:41  Overlord  
  74  8:47  Evolution Chamber  
  73  8:56  Hydralisk x2  
  77  9:10  Drone x3  
  77  9:11  Drone, Evolution Chamber  
  77  9:16  Zerg Missile Weapons Level 1  
  80  9:28  Roach x2  
  80  9:29  Roach x2  
  88  9:31  Drone  
  89  9:43  Zerg Ground Armor Level 1  
  89  9:46  Hydralisk x2  
  93  10:04  Roach  
  93  10:05  Roach  
  97  10:08  Overlord x2  
  97  10:09  Tunneling Claws  
  98  10:21  Drone, Infestation Pit  
  98  10:22  Drone  
  98  11:10  Zergling x4  
  100  11:18  Drone  
  100  11:19  Drone x13  
  100  11:22  Overlord x3, Extractor  
  100  11:24  Extractor  
  106  11:40  Roach x11  
  106  11:41  Roach x2  
  122  11:57  Roach x2  
  122  11:58  Roach x5  
  136  12:16  Evolution Chamber  
  136  12:17  Evolution Chamber  
  136  12:19  Evolution Chamber  
  133  12:25  Evolution Chamber  
  132  12:31  Spine Crawler  
  132  12:32  Roach  
  132  12:33  Roach x2  
  132  12:34  Spine Crawler, Overlord x2  
  132  12:35  Overlord x2  
  132  12:52  Spine Crawler, Roach  
  132  12:53  Roach x3  
  139  13:20  Lurker Den  
  136  13:37  Overlord  
  136  13:38  Overlord x2  
  136  13:39  Drone  
  136  13:40  Drone x5  
  136  13:41  Roach x4  
  144  13:42  Roach x2  
  154  14:29  Roach  
  154  14:30  Roach x13  
  177  14:43  Lurker  
  177  14:44  Lurker x8  
  184  14:50  Drone x5  
  189  15:20  Roach x32  
  189  15:52  Roach x4  
  189  15:53  Roach x5  
  157  16:07  Roach x6  
  157  16:08  Roach x8  
  175  16:33  Roach  
  175  16:34  Roach x4  
  175  16:35  Overlord x4  
  177  16:41  Hive  
  177  17:00  Hydralisk  
  177  17:01  Hydralisk x10  
  193  17:32  Roach x4  
  157  17:57  Roach  
  157  17:58  Roach x13  
  163  18:41  Roach x8  
  127  18:42  Roach x2  
  114  19:19  Hydralisk x9  
  132  19:37  Hydralisk  
  132  19:38  Hydralisk x2  
  134  19:39  Queen  
  140  19:46  Lurker  
  140  19:47  Lurker x8  
  140  19:50  Seismic Spines  
  149  20:10  Hydralisk x8  
  149  20:11  Hydralisk  
  167  20:26  Evolution Chamber  
  166  20:29  Evolution Chamber  
  166  20:30  Evolution Chamber  
  166  20:35  Evolution Chamber  
  163  20:40  Lurker  
  163  20:41  Lurker  
  163  20:42  Roach x22  
  165  20:47  Adaptive Talons  
  165  20:53  Hatchery  
  152  21:10  Hydralisk  
  152  21:11  Hydralisk x8  
  154  21:16  Roach x22  
  170  21:30  Extractor  
  170  21:31  Spore Crawler  
  168  21:41  Extractor  
  168  21:45  Roach x28  
  159  21:58  Lurker x5  
  154  22:15  Roach x15  
  92  22:32  Lurker Den  
  87  22:50  Hydralisk Den  
  75  23:15  Hydralisk x3  
  79  23:24  Roach x6  
  63  23:34  Roach x6  
  63  24:01  Overlord x3  
  59  24:22  Overlord  
  59  24:30  Roach x5  
  47  25:16  Hydralisk x3  
  53  25:32  Overlord  
  49  25:56  Hydralisk x2  
  53  26:28  Hydralisk x3  
Show
View Real Time Build Order
Export as new Build Order

Ekelpack Zerg - Winner!

Build Orders: Hatch First 

Get SALT Encoding   

  12  0:01  Drone  
  13  0:08  Drone  
  14  0:18  Overlord  
  14  0:38  Drone  
  15  0:48  Hatchery  
  14  0:50  Drone  
  15  1:07  Spawning Pool  
  15  1:10  Drone  
  15  1:16  Drone  
  16  1:22  Extractor  
  15  1:26  Drone x2  
  17  1:33  Drone  
  18  1:43  Drone  
  19  1:54  Queen  
  19  1:57  Drone  
  22  2:04  Queen  
  22  2:07  Drone  
  25  2:10  Drone  
  26  2:17  Overlord  
  26  2:26  Drone x2  
  28  2:32  Lair  
  28  2:37  Drone  
  29  2:47  Extractor  
  29  2:49  Zergling x2  
  29  2:52  Drone x2  
  29  2:53  Overlord  
  29  2:54  Drone  
  32  2:58  Metabolic Boost  
  32  3:01  Drone  
  33  3:07  Drone x3  
  36  3:17  Drone x3  
  36  3:18  Drone  
  40  3:35  Drone x2  
  40  3:38  Overlord x3, Extractor  
  41  3:44  Extractor  
  41  3:47  Zergling x8  
  44  3:54  Spire  
  43  3:59  Drone x3  
  46  4:16  Drone x2  
  48  4:42  Hatchery  
  48  4:43  Queen  
  48  4:44  Overlord x2  
  49  5:06  Mutalisk  
  49  5:07  Mutalisk x7  
  49  5:08  Mutalisk  
  49  5:13  Zerg Flyer Weapons Level 1  
  67  5:35  Drone  
  67  5:36  Drone x2  
  67  5:41  Drone x3  
  73  5:51  Extractor  
  73  5:53  Extractor  
  71  6:14  Mutalisk x4  
  71  6:15  Mutalisk x2  
  71  6:16  Zergling x8  
  71  6:17  Zergling x2  
  88  6:21  Drone  
  89  6:27  Drone, Overlord x2  
  90  6:52  Drone x6  
  90  6:53  Drone x3  
  99  7:08  Zerg Flyer Armor Level 1  
  85  7:36  Mutalisk x2  
  85  7:37  Mutalisk x7  
  69  7:38  Mutalisk x3  
  69  7:40  Zergling x4  
  69  7:41  Zergling x6  
  98  7:48  Infestation Pit  
  97  8:13  Queen  
  97  8:14  Hatchery  
  98  8:24  Hive  
  98  8:38  Overlord x2  
  98  8:56  Overlord x4  
  98  8:57  Drone x2  
  100  9:03  Zergling x6, Evolution Chamber  
  100  9:04  Zergling x12, Evolution Chamber  
  100  9:05  Zergling x12  
  100  9:06  Zergling x4  
  100  9:07  Zerg Flyer Weapons Level 2  
  115  9:38  Zerg Melee Weapons Level 1, Zerg Ground Armor Level 1  
  115  9:40  Ultralisk Cavern  
  115  9:42  Extractor  
  115  9:43  Drone x2  
  115  9:44  Drone x6  
  115  9:45  Drone, Extractor  
  121  10:09  Overlord x3  
  121  10:15  Drone x3  
  121  10:21  Drone x3  
  127  10:34  Pneumatized Carapace  
  127  10:35  Overseer x2  
  127  10:39  Ultralisk x4  
  151  10:44  Chitinous Plating  
  135  11:03  Ultralisk x4  
  158  11:18  Adrenal Glands  
  154  11:49  Ultralisk x2  
  166  12:00  Overlord  
  166  12:09  Zerg Melee Weapons Level 2, Zerg Ground Armor Level 2  
  166  12:11  Overlord  
  164  12:26  Hatchery  
  163  12:45  Ultralisk x3  
  181  12:56  Overlord  
  178  13:14  Overlord x3  
  178  13:30  Overlord, Ultralisk  
  178  13:31  Ultralisk  
  189  14:05  Ultralisk  
  185  14:35  Ultralisk x2  
  197  15:12  Drone x2  
  193  15:30  Ultralisk  
  199  15:56  Zerg Melee Weapons Level 3  
  195  15:57  Zerg Ground Armor Level 3  
  195  16:03  Overseer  
  192  16:33  Ultralisk  
  198  16:51  Hatchery  
  166  17:33  Ultralisk  
  166  17:34  Ultralisk x6  
  118  17:56  Ultralisk x5  
  118  17:57  Ultralisk x2  
  126  18:39  Ultralisk x3  
  102  19:02  Extractor  
  101  19:18  Hydralisk Den  
  101  19:19  Zerg Missile Weapons Level 1  
  99  20:21  Hatchery  
  98  20:33  Hydralisk x6  
  98  20:34  Hydralisk x5  
  98  20:35  Hydralisk x5  
  87  21:37  Spawning Pool  
  68  22:12  Hydralisk x3  
  74  22:25  Zergling x4  
  74  22:26  Zergling x12  
  74  22:27  Zergling x10  
  87  22:45  Zergling x10  
  87  22:46  Zergling x2  
  93  22:54  Drone x3  
  93  22:58  Zergling x8  
  87  23:31  Zergling x6  
  87  23:32  Zergling x12  
  93  24:02  Drone x3  
  96  24:05  Extractor  
  95  24:15  Drone x3  
  98  24:17  Drone  
  97  24:45  Drone x3  
  100  24:55  Zergling x14  
  100  24:56  Zergling x4  
  100  24:57  Hatchery  
  82  26:01  Drone x3  
  85  26:05  Drone x6  
  85  26:06  Drone x6  
  85  26:07  Drone x6  
  85  26:08  Drone x3  
  106  26:19  Overseer  
  106  26:28  Drone x2  
  108  26:59  Extractor  
  108  27:01  Extractor  
  117  27:11  Hatchery  
Show
View Real Time Build Order
Export as new Build Order

Nyck Terran - Winner!

Build Orders:  

Get SALT Encoding   

  12  0:00  SCV  
  13  0:12  SCV  
  14  0:18  Supply Depot  
  14  0:24  SCV  
  15  0:32  Refinery  
  15  0:40  SCV  
  16  0:46  Barracks  
  16  0:52  SCV  
  17  1:05  SCV  
  18  1:16  Barracks  
  18  1:19  SCV  
  19  1:33  Orbital Command  
  19  1:36  Supply Depot  
  19  1:37  Reaper  
  20  1:45  Refinery  
  20  2:01  SCV  
  21  2:10  Reaper x2  
  23  2:21  SCV  
  24  2:33  Supply Depot, SCV  
  25  2:45  SCV  
  25  2:48  Factory  
  25  2:51  Barracks Tech Lab, Barracks Reactor  
  26  2:59  SCV  
  26  3:03  Engineering Bay  
  27  3:17  SCV  
  27  3:30  SCV  
  28  3:36  Command Center  
  28  3:37  Terran Infantry Weapons Level 1  
  28  3:38  Combat Shield  
  28  3:40  Marine x2  
  30  3:42  Marine  
  31  3:50  SCV  
  31  3:55  Starport, Factory Reactor  
  32  4:01  Marine x2  
  32  4:02  SCV  
  35  4:07  Marine  
  36  4:16  Supply Depot  
  36  4:22  Marine  
  37  4:24  Marine  
  37  4:25  Marine  
  39  4:40  Medivac x2  
  39  4:44  SCV  
  44  4:50  Widow Mine  
  47  4:53  Orbital Command  
  47  4:57  Supply Depot  
  46  5:32  Hellion  
  46  5:35  Marine x3  
  48  5:38  Terran Infantry Armor Level 1  
  51  5:48  Orbital Command  
  51  6:12  SCV  
  51  6:15  SCV  
  53  6:18  Marine  
  53  6:19  Marine x2  
  53  6:20  Medivac x2  
  53  6:24  SCV  
  61  6:27  SCV  
  61  6:28  Stimpack  
  61  6:31  Widow Mine  
  64  6:35  Armory  
  64  6:36  Supply Depot, Marine  
  64  6:37  SCV  
  64  6:39  SCV  
  67  6:49  SCV  
  67  6:51  SCV  
  69  7:01  SCV  
  69  7:03  SCV  
  69  7:04  Marine, Command Center  
  69  7:05  Marine x2  
  69  7:06  Medivac x2  
  78  7:48  Supply Depot  
  78  7:49  SCV x2, Marine x3, Medivac  
  85  8:01  SCV  
  86  8:10  SCV, Marauder, Widow Mine, Medivac  
  86  8:12  Supply Depot  
  93  8:13  SCV  
  94  8:20  Orbital Command  
  94  8:22  SCV  
  94  8:26  SCV  
  96  8:34  SCV  
  96  8:35  Marine x2, Marauder  
  96  8:38  SCV, Concussive Shells  
  96  8:40  Hellion  
  104  8:43  Medivac  
  104  8:44  Medivac  
  108  8:49  Supply Depot  
  108  8:53  Refinery  
  108  8:54  Refinery  
  108  8:59  SCV x3  
  108  9:00  Refinery x2  
  111  9:11  SCV x3  
  114  9:23  SCV x2  
  114  9:24  SCV  
  117  9:33  Sensor Tower  
  117  9:35  Supply Depot, SCV  
  117  9:36  SCV x2  
  122  9:46  Widow Mine  
  122  9:47  Marine, Marauder  
  125  9:56  Marine  
  125  9:57  SCV x3  
  125  9:58  Sensor Tower  
  129  10:07  Marine, Command Center  
  129  10:08  Marine  
  129  10:09  SCV x2  
  133  10:15  SCV, Widow Mine  
  133  10:21  SCV x2  
  138  10:27  SCV  
  139  10:32  Marine x2  
  139  10:33  SCV x2, Marauder  
  139  10:35  Terran Infantry Weapons Level 2  
  145  10:37  Widow Mine  
  145  10:39  SCV  
  145  10:41  Terran Vehicle And Ship Armor Level 1, Engineering Bay  
  148  10:43  Command Center  
  148  10:45  SCV  
  149  11:15  Widow Mine  
  149  11:25  Orbital Command  
  149  11:29  Marine x2, Marauder  
  144  11:48  Marine  
  144  11:49  Marine  
  144  11:51  Widow Mine  
  144  11:52  Medivac x2  
  152  12:09  Orbital Command  
  152  12:11  Refinery  
  152  12:12  Widow Mine  
  152  12:14  Refinery  
  154  12:19  SCV x3  
  154  12:20  Marine x2  
  154  12:21  Marauder  
  157  12:35  Orbital Command  
  157  12:48  SCV x2  
  157  12:49  SCV  
  160  12:54  Widow Mine  
  160  12:56  Medivac x2  
  166  12:58  Terran Infantry Weapons Level 3  
  166  13:01  Terran Infantry Armor Level 2  
  166  13:02  Terran Vehicle And Ship Armor Level 2  
  166  13:03  Supply Depot  
  166  13:15  Widow Mine  
  166  13:19  Barracks  
  168  13:21  Barracks x3  
  168  13:27  Barracks  
  168  13:35  Barracks  
  168  13:37  Marine x2  
  168  13:38  Marauder  
  168  13:39  Widow Mine  
  168  13:40  Medivac x2  
  178  14:09  Barracks  
  173  14:41  Marine  
  173  14:46  Factory Reactor  
  173  14:50  Barracks Reactor x3  
  173  14:51  Barracks Reactor  
  171  14:56  Barracks Tech Lab  
  168  15:30  Barracks  
  168  15:31  Barracks  
  168  15:35  Medivac  
  168  15:36  Medivac  
  168  15:39  Refinery  
  131  16:18  Barracks  
  131  16:20  Barracks  
  125  16:37  Marine  
  126  16:44  Ghost Academy  
  126  16:48  SCV x2  
  126  16:49  SCV x2  
  130  16:55  Refinery  
  130  17:08  Barracks  
  130  17:15  Barracks Tech Lab x4  
  75  17:49  Ghost x2  
  75  17:50  Ghost x4  
  86  18:08  Terran Infantry Armor Level 3  
  86  18:12  Supply Depot  
  86  18:16  SCV x3  
  86  18:18  Ghost x3  
  86  18:19  Ghost  
  87  18:33  Marine x10  
  91  18:38  Supply Depot  
  83  18:46  Ghost  
  83  18:47  Marine, Ghost  
  83  18:48  Marine  
  89  18:50  Marine  
  89  18:51  Marine x9  
  99  19:00  Supply Depot  
  99  19:05  Marine x2  
  99  19:08  Marine  
  99  19:09  Marine x9  
  110  19:15  Ghost x2  
  109  19:19  Viking x2  
  109  19:22  Marine  
  109  19:23  Supply Depot, Marine  
  104  19:26  Marine  
  104  19:27  Marine x9  
  113  19:34  Personal Cloaking  
  113  19:40  Marine  
  113  19:41  Marine  
  113  19:43  Ghost  
  113  19:44  Marine x6, Ghost  
  113  19:45  Marine x2  
  127  19:46  Supply Depot  
  127  20:07  Marine x9  
  127  20:08  Marine x3  
  127  20:09  Supply Depot  
  127  20:12  Ghost x2  
  139  20:14  Orbital Command  
  137  20:25  Marine x12  
  149  20:40  Ghost  
  149  20:41  Ghost  
  149  20:42  Marine  
  153  20:43  Marine x11  
  153  20:45  SCV x3  
  168  20:57  SCV x2  
  168  21:00  Marine  
  168  21:01  Marine x10  
  181  21:18  Marine x2  
  180  21:19  Marine  
  177  21:26  Ghost  
  177  21:27  Marine x4, Ghost  
  177  21:32  Marine x5  
  189  21:35  Marine  
  189  21:36  Marine x2  
  192  21:44  Marine x4  
  196  21:49  Marine  
  196  21:50  Marine  
  196  21:51  Marine  
  198  22:06  Marine, Ghost  
  198  22:07  Marine x2  
  198  22:08  Marine, Ghost  
  176  22:35  Ghost  
  176  22:36  Ghost  
  178  22:45  Marine x4  
  178  22:46  Marine x8  
  190  23:03  Marine x4, Ghost  
  190  23:04  Marine  
  197  23:18  Ghost  
  193  23:32  Ghost  
  184  23:44  Marine x9  
  184  23:45  Marine  
  184  23:46  Ghost  
  190  24:01  Ghost  
  181  24:15  Ghost  
  182  24:25  SCV  
  183  24:52  SCV  
  180  26:06  Orbital Command  
Tags
 
Add a new tag
Caveats
  • Supply blocks, unpowered buildings, or Contaminate may cause inaccurate times.
  • Supply counts are checked every 10 seconds.